 Dungeon Crawl Stone Soup version 0.31-a0-986-g5e6e4ef867 (webtiles) character file.

Game seed: 13791583036565447585

25 porpoise the Vexing (level 2, 0/19 HPs)
             Began as a Demonspawn Enchanter on Nov 4, 2023.
             Slain by a kobold
             ... wielding a +0 dagger
              (1 damage)
             ... on level 2 of the Dungeon.
             The game lasted 00:03:23 (1291 turns).

porpoise the Vexing (Demonspawn Enchanter)          Turns: 1291, Time: 00:03:24

Health: 0/19       AC:  2    Str:  8    XL:     2   Next: 86%
Magic:  5/5        EV: 12    Int: 16    God:
Gold:   88         SH:  0    Dex: 13    Spells: 3/5 levels left

rFire   . . .        a - +1 dagger
rCold   . . .        (no shield)
rNeg    . . .        b - +0 robe
rPois   .            (no helmet)
rElec   .            (no cloak)
rCorr   .            (no gloves)
SInv    .            (no boots)
Will    .....        (no amulet)
Stlth   ++           (no ring)
HPRegen 0.23/turn    (no ring)
MPRegen 0.09/turn

%: no passive effects
@: lethally poisoned (0 -> -6)
A: hooves 1
a: no special abilities


You were on level 2 of the Dungeon.
You visited 1 branch of the dungeon, and saw 2 of its levels.

You collected 88 gold pieces.

Inventory:

Hand Weapons
 a - a +1 dagger (weapon)
Missiles
 g - 2 javelins (quivered)
Armour
 b - a +0 robe (worn)
Scrolls
 d - a scroll of identify
 e - a scroll of teleportation {unknown}
 h - 2 scrolls of immolation
Potions
 c - 2 potions of invisibility
 f - a potion of haste


   Skills:
 + Level 1.6 Short Blades
 - Level 1.7 Dodging
 - Level 2.6 Stealth
 + Level 2.4 Spellcasting
 + Level 3.3 Hexes


You had 3 spell levels left.
You knew the following spells:

 Your Spells              Type           Power      Damage    Failure   Level
e - Ensorcelled Hibernat  Hex/Ice        14%        N/A       16%         2

Your spell library contained the following spells:

 Spells                   Type           Power      Damage    Failure   Level
 Confusing Touch          Hex            12%        N/A       16%         3
 Tukima's Dance           Hex            12%        N/A       16%         3
 Foxfire                  Conj/Fire      4%         2x1d4     21%         1
 Dazzling Flash           Conj/Hex       14%        N/A       30%         3
 Plasma Beam              Fire/Air       0%         2x1d10    100%        6
 Starburst                Conj/Fire      0%         6d3       100%        6


Dungeon Overview and Level Annotations

Branches:
Dungeon (2/15)

Altars:


Innate Abilities, Weirdness & Mutations

You have large cloven feet.


Message History

You see here 14 gold pieces.
You now have 88 gold pieces (gained 14).
The kobold shouts!
You hear an angry hiss.
The adder closely misses you.
You hit the adder. Your kick misses the adder.
The adder is lightly wounded.
The adder bites you but does no damage.
You hit the adder.
The adder is heavily wounded.
The adder bites you.
You are poisoned.
The adder poisons you!
You barely miss the adder. Your kick misses the adder.
The adder is heavily wounded.
You feel sick. The adder bites you. The kobold closely misses you.
The adder barely misses you.
You completely miss the adder.
The adder is heavily wounded.
You feel sick. The kobold hits you with a +0 dagger.
The adder barely misses you.
You closely miss the adder.
The adder is heavily wounded.
You feel sick. The adder bites you. The kobold hits you with a +0 dagger.
You closely miss the adder.
The adder is heavily wounded.
You feel sick.
You are no longer poisoned.
The adder barely misses you. The kobold hits you with a +0 dagger.
You hit the adder but do no damage. Your kick misses the adder.
The adder is heavily wounded.
The adder barely misses you. The kobold hits you with a +0 dagger.
You completely miss the adder. Your kick misses the adder.
The adder is heavily wounded.
The adder bites you.
* * * LOW HITPOINT WARNING * * *
The adder bites you.
* * * LOW HITPOINT WARNING * * *
You are lethally poisoned!
The adder poisons you! The kobold hits you with a +0 dagger.
You die...

#.. ..#.. #.#
#.#.#
###.##########.#.#
...............#.#
#.#..####......#.#
.....>...........#
....#####.###..#.#
.<..# #.# #..#S#
....# ..# #..#@#
###.# #.## #..#K#
# #.# #. #..#.# #
. .. ...#.# ##
#.##.# #.##.# ...
... #..


You could see an adder and a kobold.

Vanquished Creatures
  2 orcs
  3 ball pythons (D:1)
  A giant cockroach (D:2)
  2 goblins (D:1)
  2 hobgoblins (D:1)
  4 jackals (D:1)
  A bat (D:1)
  2 frilled lizards (D:1)
  3 kobolds (D:1)
  3 rats
23 creatures vanquished.

Notes
Turn   | Place    | Note
-------+----------+-------------------------------------------
     0 | D:1      | porpoise the Demonspawn Enchanter began the quest for the
                  | Orb.
     0 | D:1      | Reached XP level 1. HP: 13/13 MP: 3/3
    48 | D:1      | Reached skill level 1 in Short Blades
   233 | D:1      | Gained mutation: You have large cloven feet. [demonic
                  | ancestry]
   233 | D:1      | Reached XP level 2. HP: 12/19 MP: 5/5
   263 | D:1      | Learned a level 2 spell: Ensorcelled Hibernation
  1291 | D:2      | Slain by a kobold

Illustrated notes

Levels and vault maps discovered:
D:1:      dpeg_arrival_oval, layout_basic
D:2:      layout_loops_ring, basic_altar, nicolae_twisty_statue_hallways,
          uniq_sigmund, uniq_natasha

Skill      XL: |  1 |
---------------+----+-----
Short Blades   | 1 |  1.6
Dodging        | |  1.7
Stealth        | |  2.6
Spellcasting   | |  2.4
Hexes          | |  3.3

Action                     || total
---------------------------++-------
  Melee: Dagger            ||    97
         Kick              ||    11
  Throw: Javelin           ||     1
    Use: Scroll            ||     2
   Stab: Sleeping          ||     2
 Armour: Robe              ||    51
  Dodge: Dodged            ||    52

Table legend: (Time is in decaauts)
 A = Elapsed time spent in this place.
 B = Non-inter-level travel time spent in this place.
 C = Inter-level travel time spent in this place.
 D = Time resting spent in this place.
 E = Time spent auto-exploring this place.
 F = Levels seen in this place.
 G = Mean time per level.
                   A        B        C        D        E       F      G
               +--------+--------+--------+--------+--------+-----+--------+
         Total |   1286 |   1254 |     32 |    194 |    787 |   2 |  643.0 |
       Dungeon |   1286 |   1254 |     32 |    194 |    787 |   2 |  643.0 |
               +--------+--------+--------+--------+--------+-----+--------+

Top non-repeatable levels by time:
     D:1: 1148 daAuts
     D:2: 137 daAuts
